Map: New Gettysburg LE

Players

lIlIlIlIlIlI - Winner!

  • Race: Terran Terran
  • League: Master

Indy

  • Race: Protoss Protoss
  • League: Grandmaster

VOD

Have the link to the VOD?

Description

Time

  • Played on: Nov. 2, 2016, 12:21 p.m.
  • Length: 9:27
Show
View Real Time Build Order
Export as new Build Order

lIlIlIlIlIlI Terran - Winner!

Build Orders: Cyclone Opening, Reaper Expand, MMM Bio 

Get SALT Encoding   

  12  0:00  SCV  
  13  0:13  SCV  
  14  0:18  Supply Depot  
  14  0:25  SCV  
  15  0:30  Refinery  
  15  0:39  SCV  
  16  0:45  Barracks  
  16  0:52  SCV  
  17  1:04  SCV  
  18  1:16  SCV  
  19  1:33  Reaper, Orbital Command  
  20  1:45  Command Center  
  20  1:55  Factory  
  20  2:00  SCV  
  21  2:06  Refinery  
  21  2:09  Barracks Tech Lab  
  21  2:12  SCV  
  22  2:16  Supply Depot  
  22  2:24  SCV  
  23  2:38  SCV  
  23  2:39  Barracks Reactor  
  24  2:49  Cyclone  
  24  2:50  SCV  
  29  2:51  Engineering Bay  
  29  2:59  Orbital Command  
  29  3:02  SCV  
  30  3:14  SCV  
  31  3:26  SCV  
  32  3:27  SCV, Barracks  
  32  3:28  Marine  
  32  3:29  Stimpack  
  32  3:30  Terran Infantry Weapons Level 1  
  34  3:35  Barracks  
  34  3:36  Factory Reactor  
  34  3:41  SCV  
  35  3:46  Marine  
  35  3:47  Supply Depot  
  36  3:49  SCV  
  36  3:53  SCV  
  38  4:01  SCV  
  39  4:04  Marine  
  39  4:05  SCV  
  41  4:13  SCV  
  41  4:14  Marine  
  41  4:15  Marine  
  41  4:16  Starport  
  44  4:17  SCV  
  44  4:20  Supply Depot, Factory Reactor  
  44  4:22  Marine  
  46  4:25  SCV  
  46  4:29  SCV  
  46  4:30  Marine x2  
  50  4:32  Marine x2  
  50  4:34  Supply Depot  
  50  4:38  SCV  
  53  4:41  SCV, Marine, Missile Turret  
  55  4:47  Marine  
  55  4:49  Supply Depot  
  55  4:50  SCV  
  57  4:53  SCV, Marine x3  
  57  4:59  Marine  
  62  5:03  Medivac  
  62  5:04  Refinery, Medivac  
  62  5:05  Marine  
  67  5:12  Supply Depot  
  67  5:13  Marine x3  
  70  5:18  Marauder  
  72  5:24  Terran Infantry Armor Level 1  
  72  5:25  Marine  
  73  5:29  Combat Shields  
  73  5:31  Marine x3  
  76  5:41  Medivac  
  79  5:43  Medivac, Marine  
  79  5:47  Supply Depot x2  
  79  5:48  Marine  
  79  5:49  Marauder, Marine x2  
  86  5:56  Command Center  
  86  6:06  Supply Depot  
  86  6:08  Marine x4  
  86  6:10  Marauder  
  92  6:22  Barracks  
  92  6:25  Barracks  
  92  6:27  Marine x2  
  92  6:28  Marine x2  
  92  6:32  Marauder, Liberator  
  98  6:34  Liberator  
  98  6:35  SCV  
  98  6:37  Refinery  
  98  6:38  SCV  
  100  6:53  Marauder  
  106  6:58  SCV  
  107  7:07  Marine x3  
  109  7:08  Orbital Command  
  109  7:10  SCV  
  109  7:19  Barracks Tech Lab x2  
  109  7:20  SCV, Marauder  
  109  7:22  SCV  
  101  7:26  Marine x2  
  96  7:32  SCV  
  96  7:34  SCV x2  
  96  7:36  Medivac  
  97  7:40  Armory  
  97  7:41  Engineering Bay  
  97  7:42  Marauder x2  
  97  7:43  Marauder  
  103  7:44  SCV  
  103  7:46  SCV x2  
  103  7:48  Supply Depot  
  103  7:49  Supply Depot  
  106  7:56  SCV, Marine  
  106  7:57  Marine  
  106  7:58  SCV  
  110  8:01  Supply Depot  
  110  8:04  Marauder x2, Marine x2  
  118  8:05  Marauder  
  118  8:09  Concussive Shells  
  118  8:20  SCV  
  118  8:21  SCV x2  
  118  8:22  Refinery, Marine x3  
  118  8:23  Refinery, Marine  
  118  8:25  Marauder x2  
  131  8:27  Marauder  
  131  8:30  Supply Depot  
  131  8:32  Supply Depot  
  131  8:36  SCV  
  131  8:37  SCV x2  
  134  8:49  SCV x3  
  134  8:50  Marauder x2, Marine x3  
  137  8:59  Marauder, Marine  
  137  9:01  SCV x2  
  133  9:06  SCV  
  132  9:13  SCV  
  132  9:21  Supply Depot, Missile Turret  
Show
View Real Time Build Order
Export as new Build Order

Indy Protoss 

Build Orders: 1 Gate Expand 

Get SALT Encoding   

  12  0:01  Probe (Chrono Boost)  
  13  0:11  Probe (Chrono Boost)  
  14  0:19  Pylon  
  14  0:22  Probe (Chrono Boost)  
  15  0:38  Probe (Chrono Boost), Gateway  
  16  0:45  Assimilator  
  16  0:48  Probe (Chrono Boost)  
  17  0:59  Probe (Chrono Boost)  
  18  1:10  Probe (Chrono Boost)  
  19  1:24  Nexus  
  19  1:31  Cybernetics Core  
  19  1:34  Probe (Chrono Boost)  
  20  1:43  Assimilator  
  20  1:45  Probe (Chrono Boost)  
  21  1:55  Probe (Chrono Boost)  
  21  1:59  Pylon  
  22  2:06  Probe (Chrono Boost)  
  23  2:11  Warp Gate  
  23  2:14  Adept  
  23  2:19  Probe (Chrono Boost)  
  27  2:30  Robotics Facility  
  27  2:31  Probe (Chrono Boost)  
  27  2:37  Adept  
  27  2:39  Probe (Chrono Boost)  
  31  2:45  Probe (Chrono Boost)  
  31  2:49  Probe (Chrono Boost)  
  32  2:57  Probe (Chrono Boost)  
  33  3:00  Probe (Chrono Boost)  
  34  3:09  Probe (Chrono Boost)  
  34  3:10  Probe (Chrono Boost)  
  36  3:18  Observer  
  38  3:21  Probe (Chrono Boost)  
  38  3:22  Gateway  
  38  3:23  Gateway  
  38  3:24  Probe (Chrono Boost)  
  39  3:29  Pylon  
  39  3:31  Probe (Chrono Boost)  
  40  3:35  Probe (Chrono Boost)  
  40  3:37  Assimilator  
  40  3:40  Observer  
  42  3:42  Mothership Core (Chrono Boost)  
  42  3:45  Probe (Chrono Boost)  
  45  3:56  Probe (Chrono Boost)  
  45  4:02  Immortal  
  46  4:04  Probe (Chrono Boost)  
  46  4:06  Probe (Chrono Boost)  
  51  4:11  Assimilator  
  53  4:17  Probe (Chrono Boost)  
  53  4:18  Probe (Chrono Boost)  
  53  4:22  Pylon  
  53  4:31  Nexus  
  53  4:33  Probe (Chrono Boost), Pylon x2  
  54  4:40  Probe (Chrono Boost)  
  55  4:47  Immortal  
  55  4:48  Stalker x3  
  65  4:56  Probe (Chrono Boost)  
  65  4:57  Probe (Chrono Boost)  
  67  5:05  Twilight Council  
  67  5:08  Probe (Chrono Boost)  
  67  5:09  Probe (Chrono Boost)  
  67  5:12  Pylon, Sentry x2  
  67  5:13  Sentry  
  75  5:19  Probe (Chrono Boost)  
  77  5:22  Probe (Chrono Boost)  
  77  5:25  Blink, Immortal  
  77  5:27  Pylon  
  77  5:29  Probe (Chrono Boost)  
  82  5:42  Forge  
  81  5:45  Probe x3 (Chrono Boost)  
  84  5:51  Gateway  
  84  5:58  Probe (Chrono Boost)  
  84  5:59  Probe (Chrono Boost)  
  84  6:00  Probe (Chrono Boost)  
  84  6:02  Pylon  
  87  6:05  Observer, Pylon  
  87  6:09  Probe (Chrono Boost)  
  87  6:10  Sentry x3  
  96  6:12  Probe (Chrono Boost)  
  96  6:16  Probe (Chrono Boost)  
  97  6:19  Probe (Chrono Boost)  
  97  6:20  Gateway  
  97  6:24  Probe (Chrono Boost)  
  97  6:25  Gateway  
  99  6:28  Gateway  
  99  6:30  Gateway  
  99  6:34  Stalker  
  99  6:39  Stalker x2  
  109  6:47  Probe x2 (Chrono Boost)  
  101  7:07  Adept x3  
  101  7:11  Pylon x2  
  101  7:13  Pylon  
  81  7:25  Robotics Facility  
  81  7:27  Pylon  
  71  7:30  Probe (Chrono Boost)  
  71  7:31  Probe (Chrono Boost)  
  71  7:32  Probe (Chrono Boost)  
  70  7:40  Stalker x3  
  70  7:43  Resonating Glaives  
  76  7:48  Probe x2 (Chrono Boost)  
  76  7:50  Probe (Chrono Boost)  
  79  7:59  Probe x2 (Chrono Boost)  
  79  8:02  Probe (Chrono Boost)  
  79  8:05  Pylon  
  82  8:06  Pylon  
  82  8:07  Gateway  
  82  8:08  Gateway  
  82  8:10  Probe (Chrono Boost), Sentry x4  
  82  8:11  Sentry  
  82  8:12  Stalker x2  
  97  8:14  Stalker  
  100  8:21  Probe (Chrono Boost)  
  100  8:37  Stalker x5  
  110  8:45  Adept x3  
  116  8:53  Probe (Chrono Boost)  
  116  8:55  Probe (Chrono Boost)  
  82  9:03  Adept x3  
  82  9:04  Adept x2  
  82  9:05  Adept x2  
Tags
 
Add a new tag
Caveats
  • Supply blocks, unpowered buildings, or Contaminate may cause inaccurate times.
  • Supply counts are checked every 10 seconds.